 Dungeon Crawl Stone Soup version 0.17.0-1-g61d176b (webtiles) character file.

217 Ace the Conjurer (level 5, -1/28 HPs)
             Began as a Deep Elf Conjurer on Nov 8, 2015.
             Was a Follower of Vehumet.
             Killed from afar by a white imp (10 damage)
             ... with a puff of frost
             ... summoned by Eustachio
             ... on level 4 of the Dungeon.
             The game lasted 00:09:52 (4999 turns).

Ace the Conjurer (Deep Elf Conjurer)                Turns: 4999, Time: 00:09:52

Health: -1/28      AC:  3    Str:  6    XL:     5   Next: 62%
Magic:  6/15       EV:  8    Int: 22    God:    Vehumet [*.....]
Gold:   152        SH:  0    Dex: 15    Spells: 3 memorised, 8 levels left

rFire  . . .     SeeInvis .     (no weapon)
rCold  . . .     Clarity  .     r - +0 robe
rNeg   + . .     SustAt   .     (no shield)
rPois  .         Gourm    .     (no helmet)
rElec  .         Spirit   .     (no cloak)
rCorr  .         Warding  +     (no gloves)
rMut   .         Stasis   .     m - +0 pair of boots
MR     .....                    g - amulet of warding
Stlth  ++........               (no ring)
                                k - +2 ring of intelligence

@: not resistant to hostile enchantments, unstealthy
A: no striking features
a: Renounce Religion


You were on level 4 of the Dungeon.
You worshipped Vehumet.
Vehumet was aware of your devotion.
You were not hungry.

You visited 1 branch of the dungeon, and saw 4 of its levels.

You collected 152 gold pieces.

Inventory:

Armour
 m - a +0 pair of boots (worn)
 r - a +0 robe (worn)
Jewellery
 e - an uncursed amulet of stasis
 g - an amulet of warding (around neck)
 k - a +2 ring of intelligence (left hand)
Wands
 p - a wand of paralysis (12)
Scrolls
 h - a scroll of identify {unknown}
 l - a scroll of magic mapping {unknown}
 q - a scroll of teleportation {unknown}
 s - a scroll of enchant armour {unknown}
Potions
 a - a potion of ambrosia {unknown}
 f - a potion of curing {unknown}
 i - 2 potions of heal wounds {unknown}
 j - 3 potions of flight {unknown}
 n - a potion of might {unknown}
 o - a potion of poison {unknown}
 t - a potion of invisibility {unknown}
Books
 b - a book of Conjurations

   Spells                             Type                      Level
   a - Magic Dart                     Conjuration                  1
   b - Searing Ray                    Conjuration                  2
   c - Dazzling Spray                 Conjuration/Hexes            3
   d - Fulminant Prism                Conjuration/Hexes            4
   e - Iskenderun's Mystic Blast      Conjuration                  4
   f - Iskenderun's Battlesphere      Conjuration/Charms           5
Comestibles
 c - 4 bread rations
 d - 3 meat rations
 u - a chunk of flesh


   Skills:
 - Level 2.4 Dodging
 - Level 2.4 Stealth
 + Level 5.9 Spellcasting
 + Level 6.3 Conjurations


You had 8 spell levels left.
You knew the following spells:

 Your Spells              Type           Power        Failure   Level  Hunger
a - Magic Dart            Conj           ####         1%          1    None
b - Searing Ray           Conj           ####..       1%          2    None
c - Iskenderun's Mystic   Conj           ####....     10%         4    ###....


Dungeon Overview and Level Annotations

Branches:
Dungeon (4/15)
 Temple: D:4-7

Altars:
Ashenzari
Gozag
Qazlal
Vehumet

Annotations:
D:4 Eustachio


Message History

Eustachio hits you with a rapier of protection.
Eustachio casts a spell.
Eustachio blinks!
The crimson imp hits you.
The crimson imp blinks!
Eustachio gestures wildly while chanting.
Eustachio asks, "How can you live without manners, virtues and honour?"
You see here a jackal skeleton.
Eustachio casts a spell.
The crimson imp blinks!
You hear the slow rusting of a distant drain.
The white imp grinds its teeth.
The white imp gestures at you. The puff of frost hits you!
* * * LOW HITPOINT WARNING * * *
There is a stone staircase leading down here.
There is a stone staircase leading up here.
The white imp gestures at you. The puff of frost hits you!
You die...

### ..## ###
...###.... .......#
÷...###########
.#..###.......###
†#..##..........##
##..#.>..@5.....@##
##................###
##.................#
#..................#
#..................#
#..................#
#..................#
#..#...............#
##.###..............


You could see Eustachio and a white imp.

Vanquished Creatures
  An iguana (D:3)
  Ijyb (D:2)
  Robin (D:2)
  7 adders
  3 worms (D:2)
  3 giant geckos
  11 hobgoblins
  5 jackals
  A quokka (D:3)
  6 bats
  3 giant cockroaches
  4 giant newts
  21 goblins
  7 kobolds
  7 rats
81 creatures vanquished.

Notes
Turn   | Place    | Note
--------------------------------------------------------------
     0 | D:1      | Ace the Deep Elf Conjurer began the quest for the Orb.
     0 | D:1      | Reached XP level 1. HP: 10/10 MP: 6/6
   761 | D:1      | Reached XP level 2. HP: 15/15 MP: 5/8
   765 | D:1      | Learned a level 2 spell: Searing Ray
  1155 | D:2      | Noticed Ijyb
  1208 | D:2      | Found a radiant altar of Vehumet.
  1223 | D:2      | Became a worshipper of Vehumet
  1424 | D:2      | Killed Ijyb
  1424 | D:2      | Reached skill level 5 in Conjurations
  1424 | D:2      | Reached XP level 3. HP: 16/19 MP: 2/10
  1683 | D:2      | Reached XP level 4. HP: 15/24 MP: 8/12
  1923 | D:2      | Learned a level 4 spell: Iskenderun's Mystic Blast
  1953 | D:2      | Found an opulent altar of Gozag.
  2332 | D:2      | Reached * piety under Vehumet
  2332 | D:2      | Offered knowledge of Sting by Vehumet.
  2493 | D:2      | Reached skill level 5 in Spellcasting
  2509 | D:2      | Noticed Robin
  2536 | D:2      | Killed Robin
  3396 | D:2      | Reached XP level 5. HP: 28/28 MP: 11/14
  3480 | D:3      | Found a stormy altar of Qazlal.
  3482 | D:3      | Noticed a fire elemental
  3483 | D:3      | Noticed an air elemental
  3483 | D:3      | Noticed a water elemental
  4143 | D:3      | Reached skill level 6 in Conjurations
  4433 | D:3      | Found a shattered altar of Ashenzari.
  4854 | D:4      | Noticed Eustachio
  4999 | D:4      | Killed from afar by a white imp

Action                   |  1- 3 |  4- 6 || total
-------------------------+-------+-------++-------
Melee: Unarmed           |       |     2 ||     2
 Cast: Magic Dart        |    27 |    30 ||    57
       Searing Ray       |    12 |    36 ||    48
  Eat: Chunk             |     2 |    10 ||    12
